 Dungeon Crawl Stone Soup version 0.27.1-3-gb3d3a73c9e (webtiles) character file.

Game seed: 4444408460824874600

66 khargal the Poker (level 3, -2/33 HPs)
             Began as a Draconian Monk on Oct 19, 2021.
             Slain by a gnoll (8 damage)
             ... on level 2 of the Dungeon.
             The game lasted 00:01:43 (1387 turns).

khargal the Poker (Draconian Monk)                  Turns: 1387, Time: 00:01:44

Health: -2/33      AC:  6    Str: 14    XL:     3   Next: 96%
Magic:  3/3        EV: 13    Int: 10    God:
Gold:   62         SH:  0    Dex: 13    Spells: 2/2 levels left

rFire    . . .     SeeInvis .   a - +0 spear
rCold    . . .     Faith    .   (no shield)
rNeg     . . .     Spirit   .   (armour unavailable)
rPois    .         Reflect  .   (helmet restricted)
rElec    .         Harm     .   (no cloak)
rCorr    .         Rampage  .   c - +0 pair of gloves
Will     .....                  (no boots)
Stlth    ++........             (no amulet)
HPRegen  0.11/turn              (no ring)
MPRegen  0.08/turn              (no ring)

@: no status effects
A: AC +5, unfitting armour, cold-blooded
a: no special abilities


You were on level 2 of the Dungeon.
You visited 1 branch of the dungeon, and saw 2 of its levels.

You collected 62 gold pieces.

Inventory:

Hand Weapons
 a - a +0 spear (weapon)
Armour
 c - a +0 pair of gloves (worn)
Scrolls
 d - a scroll of blinking
Potions
 b - 2 potions of flight
 g - a potion of magic {unknown}


   Skills:
 + Level 3.7 Fighting
 + Level 3.8 Polearms
 + Level 3.1 Dodging
 + Level 2.3 Stealth


You had 2 spell levels left.
You didn't know any spells.
Your spell library was empty.

Dungeon Overview and Level Annotations

Branches:
Dungeon (2/15)

Altars:

Shops:
D:1 !


Innate Abilities, Weirdness & Mutations

Your plain brown scales are hard. (AC +5)
You cannot fit into any form of body armour.
You are cold-blooded and may be slowed by cold attacks.


Message History

You are too injured to fight recklessly!
You are too injured to fight recklessly!
You are too injured to fight recklessly!
You are too injured to fight recklessly!
You are too injured to fight recklessly!
You are too injured to fight recklessly!
You are too injured to fight recklessly!
You are too injured to fight recklessly!
You are too injured to fight recklessly!
You are too injured to fight recklessly!
The gnoll completely misses you. The gnoll barely misses you.
The kobold throws a stone.
The stone hits you but does no damage.
You are too injured to fight recklessly!
You are too injured to fight recklessly!
You are too injured to fight recklessly!
You are too injured to fight recklessly!
You are too injured to fight recklessly!
You are too injured to fight recklessly!
You hit the gnoll but do no damage.
The gnoll is moderately wounded.
You hit the gnoll.
The gnoll is severely wounded.
The gnoll completely misses you.
You hit the gnoll.
The gnoll is almost dead.
The gnoll hits you but does no damage.
You hit the gnoll.
You kill the gnoll!
You hit the kobold but do no damage. The kobold misses you.
The gnoll closely misses you.
You barely miss the kobold. The kobold barely misses you.
The gnoll hits you from afar with a +0 halberd.
* * * LOW HITPOINT WARNING * * *
You closely miss the kobold. The kobold closely misses you.
The gnoll closely misses you.
You hit the kobold.
You kill the kobold!
The gnoll hits you from afar with a +0 halberd!
You die...

.<.........# .........# ..
.†>....# ....##.....+ #........#
# #####....# . ###g.# .####
###### #g## ....###....# ###@#
########### ..#..†..(..#
#...###.........####
...###.....###.####..............
.....##........####...###..#####.
......................##...#####.
............##...............##..
###.#.#....###.....#..###.##.##..
# #.#.....................##.##.†
###.###.............###......##..


You could see 2 gnolls.

Vanquished Creatures
  A gnoll (D:2)
  3 adders (D:2)
  A worm (D:2)
  A dart slug (D:2)
  2 bats
  3 endoplasms (D:1)
  3 giant cockroaches
  A goblin (D:1)
  2 jackals (D:1)
  2 ball pythons (D:2)
  3 frilled lizards
  3 kobolds
  4 rats
29 creatures vanquished.

Notes
Turn   | Place    | Note
-------+----------+-------------------------------------------
     0 | D:1      | khargal the Draconian Monk began the quest for the Orb.
     0 | D:1      | Reached XP level 1. HP: 19/19 MP: 1/1
   273 | D:1      | Reached XP level 2. HP: 25/26 MP: 2/2
   498 | D:1      | Found Ynkaow's Distillery.
   993 | D:2      | Reached XP level 3. HP: 24/33 MP: 3/3
  1387 | D:2      | Slain by a gnoll

Illustrated notes

Levels and vault maps discovered:
D:1:      dpeg_arrival_solitude, layout_loops_cross, serial_shops, shop,
          hangedman_decor_push
D:2:      layout_rooms, shapermc_ecumenical_altar_notcrosses

Skill      XL: |  1  2 |
---------------+-------+-----
Stealth        | 2 |  2.3
Dodging        | 3 |  3.1
Fighting       | |  3.7
Polearms       | |  3.8

Action                   || total
-------------------------++-------
Melee: Spear             ||   125
       Tailslap          ||    12
  Use: Scroll            ||     5
 Stab: Sleeping          ||     6
Armor: Skin              ||    33
Dodge: Dodged            ||    55
